TOP OF THE 1ST |
Greenville 84s batting - Pitching for St Charles Sheens : RHP Bill Chase
|
Pitching: RHP Bill Chase
|
|
Batting: RHB Ricardo Salazar
|
0-0: SINGLE (Groundball, 6MD)
|
Batting: LHB Chris Moore
|
0-0: Called Strike 0-1: Ground out 5-3 (Groundball, 5S) Ricardo Salazar to second
|
Batting: LHB Brock Larsen
|
0-0: Called Strike 0-1: Ball Wild Pitch! Ricardo Salazar to third 1-1: Ball 2-1: Ball 3-1: Base on Balls
|
Batting: LHB Paco Rosas
|
0-0: Ball 1-0: Ball 2-0: Called Strike 2-1: DOUBLE (Groundball, 3D) Ricardo Salazar scores Brock Larsen to third
|
Batting: LHB Robert Moore
|
0-0: Ball 1-0: Ball 2-0: Ball 3-0: Base on Balls
|
Batting: RHB Tom Hicks
|
0-0: Ball 1-0: Called Strike 1-1: Swinging Strike 1-2: Foul Ball, location: 2F 1-2: Foul Ball, location: 2F 1-2: Ball 2-2: Ball 3-2: Base on Balls Brock Larsen scores Paco Rosas to third Robert Moore to second
|
Batting: LHB George Wood
|
0-0: Foul Ball, location: 2F 0-1: Ball 1-1: SINGLE (Groundball, 34D) Paco Rosas scores Robert Moore to third Tom Hicks to second
|
Batting: RHB Vic Langlois
|
0-0: Ball 1-0: Called Strike 1-1: Swinging Strike 1-2: Foul Ball, location: 2F 1-2: Ground out 3-1 (Groundball, 34S) Robert Moore scores Tom Hicks to third George Wood to second
|
Batting: LHB José Costa
|
0-0: Ball 1-0: Swinging Strike 1-1: Foul Ball, location: 2F 1-2: Strikes out swinging
|
Top of the 1st over - 4 run(s), 3 hit(s), 0 error(s), 2 left on base; Greenville 4 - St Charles 0 |
BOTTOM OF THE 1ST |
St Charles Sheens batting - Pitching for Greenville 84s : RHP Tomás González
|
Pitching: RHP Tomás González
|
|
Batting: RHB Judson Backstrom
|
0-0: Reached on error, E4 (Groundball, 4)
|
Batting: RHB Miguel Palácios
|
0-0: Ball 1-0: Called Strike 1-1: Fly out, F5 (Popup, 5D)
|
Batting: LHB Larry Howard
|
0-0: SINGLE (Groundball, 4M) (infield hit) Judson Backstrom to third
|
Batting: LHB Marcos Cantú
|
0-0: Ball 1-0: Called Strike 1-1: Ball 2-1: Called Strike 2-2: Ball 3-2: Foul Ball, location: 2F 3-2: Base on Balls Larry Howard to second
|
Batting: RHB Max Rash
|
0-0: Ball 1-0: GRAND SLAM HOME RUN (Flyball, 7LD), Distance : 368 ft
|
Batting: RHB Dan Tyler
|
0-0: Ball 1-0: Called Strike 1-1: Called Strike 1-2: Ball 2-2: Ball 3-2: Strikes out swinging
|
Batting: RHB Júlio Figueroa
|
0-0: Ball 1-0: Swinging Strike 1-1: SINGLE (Groundball, 4MD)
|
Batting: LHB Jason Lambert
|
0-0: Fly out, F8 (Flyball, 78M)
|
Bottom of the 1st over - 4 run(s), 3 hit(s), 1 error(s), 1 left on base; Greenville 4 - St Charles 4 |
TOP OF THE 2ND |
Greenville 84s batting - Pitching for St Charles Sheens : RHP Bill Chase
|
Batting: RHB Ricardo Salazar
|
0-0: Ball 1-0: Ball 2-0: Fly out, F9 (Flyball, 9LMF)
|
Batting: LHB Chris Moore
|
0-0: Foul Ball, location: 2F 0-1: Ball 1-1: Ball 2-1: Called Strike 2-2: Ball 3-2: SINGLE (Flyball, 8LS)
|
Batting: LHB Brock Larsen
|
0-0: Ball 1-0: Swinging Strike 1-1: Ball 2-1: Swinging Strike 2-2: Strikes out swinging
|
Batting: LHB Paco Rosas
|
0-0: Swinging Strike 0-1: SINGLE (Line Drive, 3S) Chris Moore to second
|
Batting: LHB Robert Moore
|
0-0: Called Strike 0-1: Ball 1-1: Foul Ball, location: 2F 1-2: Foul Ball, location: 2F 1-2: Ball 2-2: Ball 3-2: Base on Balls Chris Moore to third Paco Rosas to second
|
Batting: RHB Tom Hicks
|
0-0: Fielders Choice at 2nd, 6-4 (Groundball, 6)
|
Top of the 2nd over - 0 run(s), 2 hit(s), 0 error(s), 2 left on base; Greenville 4 - St Charles 4 |
BOTTOM OF THE 2ND |
St Charles Sheens batting - Pitching for Greenville 84s : RHP Tomás González
|
Batting: LHB Kyle Harrison
|
0-0: Swinging Strike 0-1: Ball 1-1: Ball 2-1: Called Strike 2-2: SINGLE (Line Drive, 34D)
|
Batting: RHB Judson Backstrom
|
0-0: Called Strike 0-1: Ball 1-1: Ball 2-1: Ball 3-1: Base on Balls Kyle Harrison to second
|
Batting: RHB Miguel Palácios
|
0-0: SINGLE (Groundball, 6MD) Kyle Harrison to third Judson Backstrom to second
|
Batting: LHB Larry Howard
|
0-0: Called Strike 0-1: Ball 1-1: SINGLE (Line Drive, 9S) Kyle Harrison scores Judson Backstrom to third Miguel Palácios to second
|
Batting: LHB Marcos Cantú
|
0-0: Fly out, F3 (Line Drive, 34S)
|
Batting: RHB Max Rash
|
0-0: Called Strike 0-1: Swinging Strike 0-2: DOUBLE (Flyball, 8LXD) Judson Backstrom scores Miguel Palácios scores Larry Howard to third Runner from 3rd tries for Home, SAFE, no throw
|
Pitching: RHP Ricardo Trujillo
|
|
Batting: RHB Dan Tyler
|
0-0: Ball 1-0: Ball Max Rash is caught stealing 3rd base 2-0: Called Strike 2-1: Ground out 6-3 (Groundball, 6)
|
Bottom of the 2nd over - 4 run(s), 4 hit(s), 0 error(s), 0 left on base; Greenville 4 - St Charles 8 |
TOP OF THE 3RD |
Greenville 84s batting - Pitching for St Charles Sheens : RHP Bill Chase
|
Batting: LHB George Wood
|
0-0: Ball 1-0: Foul Ball, location: 2F 1-1: Called Strike 1-2: Ball 2-2: Foul Ball, location: 2F 2-2: Foul Ball, location: 2F 2-2: Strikes out swinging
|
Batting: RHB Vic Langlois
|
0-0: Called Strike 0-1: Swinging Strike 0-2: Ball 1-2: Strikes out swinging
|
Batting: LHB José Costa
|
0-0: Ball 1-0: Fly out, F8 (Flyball, 8LM)
|
Top of the 3rd over - 0 run(s), 0 hit(s), 0 error(s), 0 left on base; Greenville 4 - St Charles 8 |
BOTTOM OF THE 3RD |
St Charles Sheens batting - Pitching for Greenville 84s : RHP Ricardo Trujillo
|
Batting: RHB Júlio Figueroa
|
0-0: Called Strike 0-1: Ball 1-1: Ball 2-1: Foul Ball, location: 2F 2-2: Ground out 5-3 (Groundball, 5L)
|
Batting: LHB Jason Lambert
|
0-0: Fly out, F8 (Flyball, 78M)
|
Batting: LHB Kyle Harrison
|
0-0: SINGLE (Groundball, 4MD)
|
Batting: RHB Judson Backstrom
|
0-0: Ball 1-0: Ball 2-0: Called Strike 2-1: Fielders Choice at 2nd, 4-6 (Groundball, 4)
|
Bottom of the 3rd over - 0 run(s), 1 hit(s), 0 error(s), 0 left on base; Greenville 4 - St Charles 8 |
TOP OF THE 4TH |
Greenville 84s batting - Pitching for St Charles Sheens : RHP Bill Chase
|
Batting: RHB Ricardo Salazar
|
0-0: Ball 1-0: Swinging Strike 1-1: Ball 2-1: Ground out 4-3 (Groundball, 4M)
|
Batting: LHB Chris Moore
|
0-0: Called Strike 0-1: Ball 1-1: Ball 2-1: Foul Ball, location: 2F 2-2: Fly out, F8 (Flyball, 8LM)
|
Batting: LHB Brock Larsen
|
0-0: Ball 1-0: Fly out, F8 (Flyball, 8LS)
|
Top of the 4th over - 0 run(s), 0 hit(s), 0 error(s), 0 left on base; Greenville 4 - St Charles 8 |
BOTTOM OF THE 4TH |
St Charles Sheens batting - Pitching for Greenville 84s : RHP Ricardo Trujillo
|
Batting: RHB Miguel Palácios
|
0-0: Ball 1-0: Ground out 4-3 (Groundball, 4)
|
Batting: LHB Larry Howard
|
0-0: Ball 1-0: Swinging Strike 1-1: Swinging Strike 1-2: Foul Ball, location: 2F 1-2: Foul Ball, location: 2F 1-2: Ball 2-2: Strikes out swinging
|
Batting: LHB Marcos Cantú
|
0-0: Ball 1-0: Swinging Strike 1-1: Ball 2-1: Ball 3-1: Base on Balls
|
Batting: RHB Max Rash
|
0-0: Ball 1-0: Ball 2-0: Ground out 5-3 (Groundball, 56S)
|
Bottom of the 4th over - 0 run(s), 0 hit(s), 0 error(s), 1 left on base; Greenville 4 - St Charles 8 |
TOP OF THE 5TH |
Greenville 84s batting - Pitching for St Charles Sheens : RHP Bill Chase
|
Pitching: RHP Tom Wallace
|
|
Batting: LHB Paco Rosas
|
0-0: Called Strike 0-1: Ground out 6-3 (Groundball, 6)
|
Batting: LHB Robert Moore
|
0-0: Called Strike 0-1: Ball 1-1: Foul Ball, location: 2F 1-2: Ball 2-2: SOLO HOME RUN (Line Drive, 9LD), Distance : 351 ft
|
Batting: RHB Tom Hicks
|
0-0: Called Strike 0-1: SINGLE (Groundball, 6MD)
|
Batting: LHB George Wood
|
0-0: Foul Ball, location: 2F 0-1: Ball 1-1: Ball 2-1: Foul Ball, location: 2F 2-2: Strikes out swinging
|
Batting: RHB Vic Langlois
|
0-0: Ball 1-0: Fielders Choice at 2nd, 6-4 (Groundball, 6)
|
Top of the 5th over - 1 run(s), 2 hit(s), 0 error(s), 0 left on base; Greenville 5 - St Charles 8 |
BOTTOM OF THE 5TH |
St Charles Sheens batting - Pitching for Greenville 84s : RHP Ricardo Trujillo
|
Batting: RHB Dan Tyler
|
0-0: Ball 1-0: Foul Ball, location: 2F 1-1: Ball 2-1: Ball 3-1: Ball
|
Batting: RHB Júlio Figueroa
|
0-0: Ball 1-0: Called Strike 1-1: Ball 2-1: Ball 3-1: Foul Ball, location: 2F 3-2: Base on Balls Dan Tyler to second
|
Batting: LHB Jason Lambert
|
0-0: Ball 1-0: Swinging Strike 1-1: Ball 2-1: Foul Ball, location: 2F 2-2: Ball 3-2: Base on Balls Dan Tyler to third Júlio Figueroa to second
|
Pitching: RHP Kenshin Kubota
|
|
Batting: LHB Kyle Harrison
|
0-0: Ball 1-0: Called Strike 1-1: Foul Ball, location: 2F 1-2: Grounds into double play, 4-2-3 (Groundball, 4) Júlio Figueroa to third Jason Lambert to second
|
Batting: RHB Judson Backstrom
|
0-0: Ball 1-0: Ground out 2-3 (Groundball, 15S)
|
Bottom of the 5th over - 0 run(s), 0 hit(s), 0 error(s), 2 left on base; Greenville 5 - St Charles 8 |
TOP OF THE 6TH |
Greenville 84s batting - Pitching for St Charles Sheens : RHP Tom Wallace
|
Batting: LHB José Costa
|
0-0: Called Strike 0-1: Reached on error, E6 (Groundball, 6)
|
Pinch Hitting: LHB Jimmy Vickers
|
0-0: Called Strike 0-1: Foul Ball, location: 2F 0-2: Strikes out swinging
|
Batting: LHB Chris Moore
|
0-0: Ball 1-0: Called Strike 1-1: Ball 2-1: Ball 3-1: Grounds into double play, 4-6-3 (Groundball, 34)
|
Top of the 6th over - 0 run(s), 0 hit(s), 1 error(s), 0 left on base; Greenville 5 - St Charles 8 |
BOTTOM OF THE 6TH |
St Charles Sheens batting - Pitching for Greenville 84s : RHP Kenshin Kubota
|
Now in CF: Carlos Luna
|
|
Pinch Hitting: RHB Jesús Hernández
|
0-0: SINGLE (Line Drive, 6MD)
|
Pinch Hitting: RHB Sergio Pujols
|
0-0: Ball 1-0: Swinging Strike 1-1: Ball 2-1: Ball 3-1: Fly out, F8 (Line Drive, 8RS)
|
Pinch Hitting: RHB Alfredo Hernández
|
0-0: Called Strike 0-1: Ball 1-1: Foul Ball, location: 2F 1-2: Strikes out swinging
|
Pinch Hitting: RHB Jesús Gonzáles
|
0-0: Called Strike Jesús Hernández steals 2nd base 0-1: Ball 1-1: Ground out 6-3 (Groundball, 6)
|
Bottom of the 6th over - 0 run(s), 1 hit(s), 0 error(s), 1 left on base; Greenville 5 - St Charles 8 |
TOP OF THE 7TH |
Greenville 84s batting - Pitching for St Charles Sheens : RHP Tom Wallace
|
Now at 1B: Jesús Gonzáles
|
|
Now at 2B: Clint Younger
|
|
Now at 3B: Alfredo Hernández
|
|
Now in RF: Jesús Hernández
|
|
Pinch Hitting: RHB Carlos Torres
|
0-0: Foul Ball, location: 2F 0-1: Ball 1-1: Ball 2-1: Ball 3-1: Called Strike 3-2: Ground out U3 (Groundball, 34S)
|
Batting: LHB Paco Rosas
|
0-0: Ball 1-0: Called Strike 1-1: Reached on error, E4 (Groundball, 4)
|
Batting: RHB Enzo Díaz
|
0-0: Called Strike 0-1: Ball 1-1: SINGLE (Groundball, 34D) Paco Rosas to second Runner from 2nd tries for 3rd, SAFE, throw made to third
|
Pinch Hitting: RHB Jorge Cisneros
|
0-0: Ball 1-0: Foul Ball, location: 2F 1-1: Ball 2-1: Called Strike 2-2: Ball 3-2: Fly out, F8 (Flyball, 78D) Runner from 3rd tags up, SCORES, no throw
|
Pinch Hitting: RHB Robert Buckley
|
0-0: Called Strike Enzo Díaz is caught stealing 2nd base
|
Top of the 7th over - 1 run(s), 1 hit(s), 1 error(s), 0 left on base; Greenville 6 - St Charles 8 |
TOP OF THE 8TH |
Greenville 84s batting - Pitching for St Charles Sheens : RHP Tom Wallace
|
Pitching: RHP Álex Villegas
|
|
Batting: RHB Robert Buckley
|
0-0: Ball 1-0: Called Strike 1-1: Swinging Strike 1-2: Ball 2-2: Strikes out swinging
|
Pinch Hitting: RHB Pat Fernández
|
0-0: Called Strike 0-1: Foul Ball, location: 2F 0-2: Ball 1-2: Foul Ball, location: 2F 1-2: Foul Ball, location: 2F 1-2: Strikes out swinging
|
Pinch Hitting: SHB Gilberto Guzmán
|
0-0: Ball 1-0: Fly out, F2 (Popup, 23)
|
Top of the 8th over - 0 run(s), 0 hit(s), 0 error(s), 0 left on base; Greenville 6 - St Charles 10 |
BOTTOM OF THE 8TH |
St Charles Sheens batting - Pitching for Greenville 84s : RHP Artie Downing
|
Now at 1B: Pat Fernández
|
|
Now in LF: Gilberto Guzmán
|
|
Batting: RHB Clint Younger
|
0-0: Ball 1-0: Foul Ball, location: 2F 1-1: Fly out, F8 (Flyball, 8LS)
|
Batting: RHB Alfredo Hernández
|
0-0: Called Strike 0-1: Called Strike 0-2: Ball 1-2: Ground out 6-3 (Groundball, 6S)
|
Batting: RHB Jesús Gonzáles
|
0-0: Called Strike 0-1: Ball 1-1: Foul Ball, location: 2F 1-2: Foul Ball, location: 2F 1-2: Ball 2-2: Foul Ball, location: 2F 2-2: Strikes out swinging
|
Bottom of the 8th over - 0 run(s), 0 hit(s), 0 error(s), 0 left on base; Greenville 6 - St Charles 10 |
TOP OF THE 9TH |
Greenville 84s batting - Pitching for St Charles Sheens : RHP Álex Villegas
|
Pitching: RHP Jeff Lynn
|
|
Batting: RHB Carlos Luna
|
0-0: Called Strike 0-1: Ball 1-1: Foul Ball, location: 2F 1-2: Ball 2-2: Foul Ball, location: 2F 2-2: Strikes out swinging
|
Pinch Hitting: RHB Felipe Rodríguez
|
0-0: Ball 1-0: SOLO HOME RUN (Flyball, 89XD), Distance : 410 ft
|
Batting: RHB Carlos López
|
0-0: Ground out 6-3 (Groundball, 6)
|
Batting: LHB Paco Rosas
|
0-0: Swinging Strike 0-1: SINGLE (Line Drive, 6MD)
|
Pitching: RHP Juan Rivera
|
|
Batting: RHB Enzo Díaz
|
0-0: Fielders Choice at 2nd, 6-4 (Groundball, 6)
|
Top of the 9th over - 1 run(s), 2 hit(s), 0 error(s), 0 left on base; Greenville 7 - St Charles 10 |
|